 Dungeon Crawl Stone Soup version 0.28-a0-1389-gc726bef33b (webtiles) character file.

Game seed: 10500831307569769405

235 kae the Changer (level 5, -28/36 HPs)
             Began as a Draconian Transmuter on Jan 3, 2022.
             Killed by an exploding hobgoblin (35 damage)
             ... ignited by their inner flame
             ... on level 3 of the Dungeon.
             The game lasted 00:02:18 (3084 turns).

kae the Changer (Draconian Transmuter)              Turns: 3084, Time: 00:02:19

Health: -28/36     AC:  6    Str: 12    XL:     5   Next: 76%
Magic:  10/10      EV: 12    Int: 15    God:
Gold:   103        SH:  0    Dex: 12    Spells: 3/11 levels left

rFire   . . .      SeeInvis .     - Unarmed
rCold   . . .      Faith    .   (no shield)
rNeg    . . .      Spirit   .   (armour unavailable)
rPois   .          Reflect  .   (helmet restricted)
rElec   .          Harm     .   (no cloak)
rCorr   +          Rampage  .   (no gloves)
Will    .....                   (no boots)
Stlth   +.........              (no amulet)
HPRegen 0.12/turn               d - ring of resist corrosion
MPRegen 0.12/turn               (no ring)

@: no status effects
A: AC +5, unfitting armour, cold-blooded, horns 1, frail 1, shaggy fur 1
a: no special abilities


You were on level 3 of the Dungeon.
You visited 1 branch of the dungeon, and saw 3 of its levels.

You collected 103 gold pieces.

Inventory:

Jewellery
 d - a ring of resist corrosion (left hand)
Potions
 a - a potion of might {unknown}
 b - a potion of curing {unknown}
 c - a potion of haste


   Skills:
 - Level 1.1 Fighting
 - Level 1.7 Dodging
 - Level 3.0 Unarmed Combat
 + Level 3.5 Spellcasting
 * Level 5.0 Transmutations
 * Level 0.3 Ice Magic
 + Level 0.2 Poison Magic


You had 3 spell levels left.
You knew the following spells:

 Your Spells              Type           Power      Damage    Failure   Level
a - Beastly Appendage     Tmut           34%        N/A       2%          1
b - Spider Form           Tmut/Pois      10%        N/A       19%         3
c - Ice Form              Ice/Tmut       10%        N/A       52%         4

Your spell library contained the following spells:

 Spells                   Type           Power      Damage    Failure   Level
 Wereblood                Tmut           17%        N/A       3%          2


Dungeon Overview and Level Annotations

Branches:
Dungeon (3/15)

Altars:

Shops:
D:1 [


Innate Abilities, Weirdness & Mutations

Your plain brown scales are hard. (AC +5)
You cannot fit into any form of body armour.
You are cold-blooded and may be slowed by cold attacks.
You have a pair of small horns on your head.
You are frail. (-10% HP)
You are covered in fur. (AC +1)


Message History

Your transformation is almost over.
Grinder completely misses you.
You hit Grinder.
Grinder is lightly wounded.
Grinder misses you.
You hit Grinder.
Grinder is lightly wounded.
Grinder hits you!
You writhe in agony.
You hit Grinder but do no damage.
Grinder is lightly wounded.
A hobgoblin comes into view.
The hobgoblin shouts!
You hit Grinder.
Grinder is moderately wounded.
Grinder hits you.
You writhe in agony.
You hit Grinder.
Grinder is moderately wounded.
Grinder blinks!
Grinder gestures at you.
You suddenly lose the ability to move!
Grinder says, "Don't move a muscle."
Your transformation has ended.
You can move again.
Unknown command.
As you read the scroll labelled KEONOI DA SEEBU, it crumbles to dust.
The creatures around you are filled with an inner flame!
It was a scroll of immolation.
Grinder closely misses you.
You closely miss the hobgoblin.
Your tail-slap misses the hobgoblin.
The hobgoblin hits you but does no damage.
Grinder hits you.
You writhe in agony.
* * * LOW HITPOINT WARNING * * *
You hit the hobgoblin but do no damage. The hobgoblin hits you.
* * * LOW HITPOINT WARNING * * *
Grinder completely misses you.
You hit the hobgoblin.
Flame seeps out of the hobgoblin.
The hobgoblin is moderately wounded.
The hobgoblin is engulfed in blazing flames.
The hobgoblin explodes!
The fiery explosion engulfs Grinder!!
The fiery explosion engulfs you!!
Ouch! That really hurt!
You die...

..#....#...# #####.
............ #.....
.......#.. #.####
.......g. #.# #....#.#
##.#### #....#.# #......
####....#)# #......
.......§#.########.....(
.......@○§..............
.......§§§..)....#......
#.....##.........#######
###### #.........#
#.........# #.........#
#.........# #.........#
#.........#


There were no monsters in sight!

Vanquished Creatures
  Grinder (D:3)
  Sigmund (D:3)
  4 adders
  A worm (D:2)
  2 dart slugs (D:3)
  4 orcs (D:3)
  2 bats
  4 endoplasms
  6 hobgoblins
  2 quokkas (D:1)
  2 ball pythons
  5 frilled lizards
  2 goblins
  8 kobolds
  3 rats
47 creatures vanquished.

Notes
Turn   | Place    | Note
-------+----------+-------------------------------------------
     0 | D:1      | kae the Draconian Transmuter began the quest for the Orb.
     0 | D:1      | Reached XP level 1. HP: 16/16 MP: 3/3
   320 | D:1      | Reached XP level 2. HP: 21/23 MP: 3/5
   588 | D:1      | Found Fazxatt's Antique Armour Emporium.
  1062 | D:2      | Reached skill level 3 in Transmutations
  1217 | D:2      | Found a faded altar of an unknown god.
  1569 | D:2      | Reached XP level 3. HP: 28/28 MP: 4/6
  1594 | D:2      | Gained mutation: You are frail. (-10% HP) [potion of
                  | mutation]
  1594 | D:2      | Gained mutation: You have a pair of small horns on your
                  | head. [potion of mutation]
  1594 | D:2      | Gained mutation: You are covered in fur. (AC +1) [potion of
                  | mutation]
  2122 | D:3      | Learned a level 3 spell: Spider Form
  2314 | D:3      | Noticed Sigmund
  2738 | D:3      | Killed Sigmund
  2739 | D:3      | Reached skill level 5 in Transmutations
  2739 | D:3      | Reached XP level 4. HP: 31/31 MP: 5/9
  2739 | D:3      | Reached XP level 5. HP: 36/36 MP: 5/10
  2801 | D:3      | Learned a level 4 spell: Ice Form
  3053 | D:3      | Noticed Grinder
  3063 | D:3      | Paralysed by Grinder for 2 turns
  3077 | D:3      | Paralysed by Grinder for 4 turns
  3084 | D:3      | Killed Grinder
  3084 | D:3      | Killed by an exploding hobgoblin... ignited by their inner
                  | flame

Illustrated notes

Levels and vault maps discovered:
D:1:      minmay_arrival_stone_box, layout_basic, serial_shops,
          nicolae_shop_hallway_stairs
D:2:      layout_rooms, ebering_ecumenical_altar_ruins, minmay_tiny_reverse_x
D:3:      layout_basic, grunt_ministairs_10, uniq_sigmund,
          uniq_crazy_yiuf_cottage, uniq_grinder

Skill      XL: |  1  2  3 |
---------------+----------+-----
Transmutations | 3 5 |  5.0
Spellcasting   | 3 |  3.5
Fighting       | |  1.1
Dodging        | |  1.7
Unarmed Combat | |  3.0
Ice Magic      | |  0.3
Poison Magic   | |  0.2

Action                   |  1- 3 |  4- 6 || total
-------------------------+-------+-------++-------
Melee: Unarmed           |   114 |    28 ||   142
       Kick              |    26 |     1 ||    27
       Headbutt          |     8 |     1 ||     9
       Tailslap          |    13 |     2 ||    15
 Cast: Beastly Appendage |    26 |     4 ||    30
       Spider Form       |     4 |     1 ||     5
  Use: Scroll            |     6 |     1 ||     7
       Potion            |     1 |       ||     1
 Stab: Distracted        |     1 |       ||     1
Armor: Skin              |    30 |     3 ||    33
Dodge: Dodged            |    80 |    15 ||    95

Table legend: (Time is in decaauts)
 A = Elapsed time spent in this place.
 B = Non-inter-level travel time spent in this place.
 C = Inter-level travel time spent in this place.
 D = Time resting spent in this place.
 E = Time spent auto-exploring this place.
 F = Levels seen in this place.
 G = Mean time per level.
                   A        B        C        D        E       F      G
               +--------+--------+--------+--------+--------+-----+--------+
         Total |   3082 |   3042 |     40 |    472 |   2089 |   3 | 1027.3 |
       Dungeon |   3082 |   3042 |     40 |    472 |   2089 |   3 | 1027.3 |
               +--------+--------+--------+--------+--------+-----+--------+

Top non-repeatable levels by time:
     D:2: 1409 daAuts
     D:1: 882 daAuts
     D:3: 790 daAuts
